Map: Coda EC

Players

HeLeX - Winner!

  • Race: Zerg Zerg
  • League: Grandmaster

AgCl

  • Race: Protoss Protoss
  • League: Grandmaster

VOD

Have the link to the VOD?

Description

Time

  • Played on: May 29, 2015, 11:34 p.m.
  • Length: 4:53
Show
View Real Time Build Order
Export as new Build Order

HeLeX Zerg - Winner!

Build Orders: Hatch First 

Get SALT Encoding   

  12  0:01  Drone  
  13  0:17  Overlord  
  13  0:19  Drone  
  14  0:41  Drone x2  
  14  0:42  Drone  
  17  0:55  Drone  
  18  1:05  Hatchery  
  18  1:07  Drone  
  18  1:26  Overlord  
  18  1:28  Drone  
  18  1:30  Spawning Pool  
  18  1:37  Drone  
  19  1:40  Extractor  
  18  1:47  Drone  
  19  1:57  Drone  
  20  2:08  Drone  
  20  2:14  Hatchery  
  20  2:17  Queen  
  23  2:27  Drone  
  24  2:36  Spine Crawler  
  24  2:37  Spine Crawler  
  22  2:38  Zergling x6  
  27  2:57  Hatchery  
  26  3:00  Zergling x4  
  26  3:01  Metabolic Boost, Zergling x2  
  26  3:04  Zergling x6  
  32  3:13  Overlord  
  32  3:15  Zergling x2  
  33  3:33  Zergling x6  
  34  3:45  Zergling x6  
  35  4:03  Zergling x2  
  35  4:04  Zergling x2  
  35  4:09  Queen  
  39  4:26  Spine Crawler x2  
  39  4:28  Overlord  
  39  4:30  Zergling x6  
  39  4:31  Zergling x4  
  42  4:34  Drone  
Show
View Real Time Build Order
Export as new Build Order

AgCl Protoss 

Build Orders:  

Get SALT Encoding   

  12  0:21  Pylon  
  12  0:40  Forge  
  12  0:54  Probe (Chrono Boost)  
  14  1:05  Probe (Chrono Boost)  
  14  1:11  Probe  
  14  1:14  Assimilator  
  15  1:23  Probe  
  16  1:35  Probe  
  17  1:43  Pylon  
  17  1:45  Pylon  
  17  1:48  Probe (Chrono Boost)  
  17  1:52  Pylon  
  18  2:00  Probe (Chrono Boost)  
  19  2:03  Photon Cannon  
  20  2:08  Photon Cannon  
  20  2:09  Probe (Chrono Boost)  
  20  2:16  Gateway  
  20  2:18  Probe (Chrono Boost)  
  21  2:24  Assimilator  
  22  2:30  Probe (Chrono Boost)  
  23  3:06  Photon Cannon  
  23  3:07  Gateway  
  23  3:08  Cybernetics Core, Probe (Chrono Boost)  
  23  3:10  Zealot (Chrono Boost)  
  25  3:20  Pylon  
  25  3:22  Probe (Chrono Boost)  
  26  3:30  Probe  
  25  3:42  Probe  
  25  3:47  Photon Cannon  
  20  4:06  Mothership Core (Chrono Boost)  
  20  4:19  Zealot (Chrono Boost)  
  22  4:25  Pylon  
  22  4:33  Photon Cannon  
  22  4:37  Probe  
Tags
 
Add a new tag
Caveats
  • Supply blocks, unpowered buildings, or Contaminate may cause inaccurate times.
  • Supply counts are checked every 10 seconds.